 Dungeon Crawl Stone Soup version 0.30-a0-718-geaa24f58ff (webtiles) character file.

Game seed: 11450914794575366617

154595 hikkokomori the Warrior (level 17, 0/99 HPs)
             Began as a Vine Stalker Fighter on Jan 26, 2023.
             Was the Champion of Okawaru.
             Slain by a salamander
             ... wielding a +4 halberd of protection
              (5 damage)
             ... on level 4 of the Snake Pit.
             The game lasted 01:03:14 (23979 turns).

hikkokomori the Warrior (Vine Stalker Fighter)     Turns: 23979, Time: 01:03:14

Health: 0/99       AC: 27    Str: 39    XL:     17   Next: 63%
Magic:  0/24       EV: 16    Int: 11    God:    Okawaru [******]
Gold:   1558       SH:  7    Dex: 20    Spells: 16/16 levels left

rFire   + . .      SeeInvis +    W - +8 Vampire's Tooth {megavamp}
rCold   . . .      Faith    +    c - +0 buckler
rNeg    . . .      Spirit   +    L - +3 plate armour
rPois   +          Reflect  .    G - +0 helmet of the Accordion {Will- Str+10 Int-3}
rElec   +          Harm     .    I - +2 cloak {Stlth+}
rCorr   .          Rampage  .    r - +0 pair of gloves
Will    ++...                    X - +0 pair of boots "Wupter Etih" {rElec Dex+2 SInv} Stlth
                                 y - amulet of faith
HPRegen 1.16/turn                b - ring of Arhis {+Blink rPois Str+6 Int+6}
MPRegen 0.19/turn                v - ring of the Freezing God {rF+ Will+}

@: lethally poisoned (0 -> -4), finesse-ful
A: fangs 3, regeneration 1, magic shield, antimagic bite, no potion heal 2
a: Renounce Religion, Evoke Blink, Heroism, Finesse, Duel


You were on level 4 of the Snake Pit.
You worshipped Okawaru.
Okawaru was exalted by your worship.
You visited 5 branches of the dungeon, and saw 26 of its levels.

You collected 2705 gold pieces.
You spent 1147 gold pieces at shops.

Inventory:

Hand Weapons
 m - the +9 dagger of Veudden {protect, *Rage Fly Int+4 Dex+2}
   (You found it on level 2 of the Dungeon)

   Int:       It affects your intelligence (+4).
   Dex:       It affects your dexterity (+2).
   Fly:       It grants you flight.
   *Rage:     It berserks you when you make melee attacks (+20% chance).
 E - a +9 quick blade of electrocution
 W - the +8 Vampire's Tooth (weapon) {megavamp}
   (Okawaru gifted it to you on level 4 of the Lair of Beasts)
Missiles
 N - 5 throwing nets (quivered)
Armour
 c - a +0 buckler (worn)
 r - a +0 pair of gloves (worn)
 t - a +2 hat of willpower
 u - the +0 ring mail of Resourcefulness {rElec rF+ rC+ Int-5 Dex+5}
   (Okawaru gifted it to you on level 4 of the Lair of Beasts)

   Int:       It affects your intelligence (-5).
   Dex:       It affects your dexterity (+5).
   rF:        It protects you from fire.
   rC:        It protects you from cold.
   rElec:     It insulates you from electricity.
 G - the +0 helmet of the Accordion (worn) {Will- Str+10 Int-3}
   (You found it on level 3 of the Snake Pit)

   Str:       It affects your strength (+10).
   Int:       It affects your intelligence (-3).
   Will:      It decreases your willpower.
 I - a +2 cloak of stealth (worn)
 L - a +3 plate armour (worn)
 X - the +0 pair of boots "Wupter Etih" (worn) {rElec Dex+2 SInv}
   (Okawaru gifted it to you on level 14 of the Dungeon)

   Dex:       It affects your dexterity (+2).
   rElec:     It insulates you from electricity.
   SInv:      It lets you see invisible.
Jewellery
 b - the ring of Arhis (left hand) {+Blink rPois Str+6 Int+6}
   (You found it on level 1 of the Orcish Mines)

   [ring of intelligence]

   Str:       It affects your strength (+6).
   Int:       It affects your intelligence (+6).
   rPois:     It protects you from poison.
   +Blink:    It lets you blink.
 v - the ring of the Freezing God (right hand) {rF+ Will+}
   (You took it off a centaur warrior on level 13 of the Dungeon)

   [ring of willpower]

   rF:        It protects you from fire.
   Will:      It increases your willpower.
 y - an amulet of faith (around neck)
 O - an amulet of reflection
 S - a +6 ring of strength
 T - a ring of ice
 U - a ring of positive energy
Wands
 a - a wand of roots (20)
 n - a wand of flame (7)
 o - a wand of mindburst (4)
 z - a wand of polymorph (7)
Scrolls
 f - 5 scrolls of fog
 h - 5 scrolls of fear
 p - 11 scrolls of teleportation
 s - 4 scrolls of blinking
 x - 4 scrolls of vulnerability
 F - 6 scrolls of poison
 H - a scroll of acquirement
 M - 2 scrolls of immolation
 Q - 3 scrolls of amnesia
 R - 2 scrolls of enchant armour
 V - 3 scrolls of magic mapping
Potions
 d - 8 potions of might
 e - 15 potions of curing
 g - 5 potions of attraction
 i - 7 potions of flight
 j - 6 potions of degeneration
 k - a potion of magic
 l - a potion of brilliance
 w - 4 potions of lignification
 A - a potion of cancellation
 B - 2 potions of resistance
 C - 2 potions of haste
 D - 7 potions of heal wounds
 J - 3 potions of berserk rage
 K - a potion of invisibility
 P - 7 potions of mutation
 Z - 3 potions of ambrosia
Miscellaneous
 q - a phial of floods
 Y - a condenser vane


   Skills:
 + Level 15.6 Fighting
 - Level 10.2 Short Blades
 - Level 2.3 Maces & Flails
 + Level 12.8 Armour
 + Level 12.7 Dodging
 + Level 8.9 Shields
 - Level 8.3 Invocations
 + Level 4.0 Evocations


You had 16 spell levels left.
You didn't know any spells.
Your spell library contained the following spells:

 Spells                   Type           Power      Damage    Failure   Level
 Magic Dart               Conj           0%         1d3       88%         1
 Cigotuvi's Dreadful Rot  Necr/Pois/Air  0%         N/A       95%         2
 Ensorcelled Hibernation  Hex/Ice        0%         N/A       95%         2
 Passwall                 Tmut/Erth      0%         N/A       95%         2
 Poisonous Vapours        Pois/Air       0%         N/A       95%         2
 Searing Ray              Conj           0%         2d4       95%         2
 Ignite Poison            Fire/Tmut/Pois 0%         N/A       99%         3
 Inner Flame              Hex/Fire       0%         N/A       99%         3
 Mephitic Cloud           Conj/Pois/Air  0%         N/A       99%         3
 Ozocubu's Armour         Ice            0%         N/A       99%         3
 Swiftness                Air            0%         N/A       99%         3
 Dispel Undead            Necr           0%         3d6       100%        4
 Flame Wave               Conj/Fire      0%         2d4       100%        4
 Fulminant Prism          Conj/Hex       0%         3d5       100%        4
 Manifold Assault         Tloc           0%         N/A       100%        4
 Sticky Flame             Conj/Fire      0%         2d3       100%        4
 Metabolic Englaciation   Hex/Ice        0%         N/A       100%        5
 Dispersal                Tloc           0%         N/A       100%        6
 Ozocubu's Refrigeration  Ice            0%         4d7       100%        7
 Disjunction              Tloc           0%         N/A       100%        8
 Ignition                 Fire           0%         3d3       100%        8
 Death Channel            Necr           Unusable   N/A       N/A         6
 Simulacrum               Ice/Necr       Unusable   N/A       N/A         6

Dungeon Overview and Level Annotations

Branches:
Dungeon (15/15)            Temple (1/1) D:7            Lair (4/5) D:8
 Shoals (0/4) Lair:2        Snake (4/4) Lair:3          Orc (2/2) D:9
    Elf (0/3) Orc:2        Vaults (0/5) D:13         Depths (0/4) D:15
  Slime: Lair:4-5

Altars:
Ashenzari
Cheibriados
Dithmenos
Elyvilon
Fedhas
Gozag
Hepliaklqana
Kikubaaqudgha
Makhleb
Nemelex Xobeh
Okawaru
Qazlal
Ru
Sif Muna
Trog
Uskayaw
Vehumet
Wu Jian
Xom
Yredelemnul
Zin
The Shining One

Shops:
D:3 :   D:10 **   Orc:2 *?(!   Snake:2 ![**   Snake:4 (

Annotations:
D:5 3 runed translucent doors, Unforgiven's ghost, amateur DgHu; sjgraves's ghost, amateur MiHu; sokol815's ghost, novice DgFi
D:8 1 runed translucent door, Hubris850's ghost, novice AtFi


Innate Abilities, Weirdness & Mutations

You have razor-sharp teeth.
Your natural rate of healing is unusually fast.
When hurt, damage is shared between your health and your magic reserves.
Your bite disrupts and absorbs the magic of your enemies.
Potions cannot restore your health.


Message History

You barely miss the nagaraja. You bite the nagaraja.
The nagaraja's magic leaks into the air.
You drain its magic.
You feel invigorated.
The nagaraja is almost dead.
You feel sick. The guardian serpent barely misses you.
You hit the nagaraja.
You feel better.
The nagaraja is almost dead.
You feel sick.
You barely miss the nagaraja.
You bite the nagaraja, but do no damage.
The nagaraja is almost dead.
You feel sick.
The guardian serpent closely misses you.
You block the salamander's attack. The salamander barely misses you.
You hit the nagaraja but do no damage. Your bite misses the nagaraja.
The nagaraja is almost dead.
You feel sick.
You block the guardian serpent's attack.
A naga ritualist comes into view. It is wielding a +0 dire flail.
You puncture the nagaraja!
You feel better.
You kill the nagaraja!
Okawaru accepts your kill.
You feel sick.
Your Evocations skill increases to level 4!
The salamander attacks as you move away!
The salamander hits you with a +0 trident!
You are engulfed in flames!
You resist.
* * * LOW HITPOINT WARNING * * *
The guardian serpent attacks as you move away!
The guardian serpent hits you but does no damage.
You feel very sick.
The guardian serpent hits you but does no damage.
The guardian serpent casts a spell at you.
The salamander blinks!
The guardian serpent blinks!
The naga warrior blinks!
The salamander misses you. The guardian serpent hits you!
* * * LOW HITPOINT WARNING * * *
The salamander hits you from afar with a +4 halberd of protection!!
* * * LOW HITPOINT WARNING * * *
You are engulfed in flames!
You resist.
You die...

**,***#...........
******,,*#####.......
*,,***,** ##......
*,,,,,,* ##..#...
*,,,##### ##.....##
*,,##...## #<..#.##
*,##.....####.###.###
**,#NS###....##.##.##.
**,##S@# ##..).##...##.
*,*#NNN#* ###)..##..##.
***#§NS≈#**##...##.....
**.§≈§N§§≈≈#.#.#.#..##.
#..NS§§≈≈≈≈##...##.####
#.≈≈§§.§.§§≈#.#.####.,.
*#.≈≈§≈≈§§§≈##....##.###
*§§≈≈≈≈§§.§##.....##....
#§§N≈§≈§≈.##......#.....


You could see a nagaraja (fast, strong), a naga warrior, 4 salamanders and 4
guardian serpents.

Vanquished Creatures
  Rupert (Lair:4)
  Gastronok (Lair:1)
  A fire giant (D:15)
  4 nagarajas
  An orc warlord (Orc:2)
  Nessos (D:12)
  The ghost of Zagicor the Thaumaturge, a journeyman DjFE of Gozag (D:14)
  The ghost of Gogrithru the Fighter, a journeyman MeRe of Okawaru (Orc:1)
  The ghost of Pijotal the Thaumaturge, a journeyman DjEE of Ashenzari (D:14)
  A great orb of eyes (D:13)
  Josephine (D:14)
  3 entropy weavers (Lair:4)
  A salamander tyrant (Snake:4)
  Fannar (D:11)
  3 hydras
  Harold (Lair:2)
  3 ghost crabs (Lair:4)
  6 ogre magi
  A vault guard (D:13)
  4 boulder beetles
  Erica (D:8)
  9 anacondas
  10 naga warriors
  7 centaur warriors
  26 two-headed ogres
  2 death knights (D:14)
  4 tengu warriors
  An orc high priest (Orc:2)
  12 naga sharpshooters
  6 shock serpents
  6 salamander mystics
  Nergalle (Orc:1)
  6 fire crabs (Lair:4)
  Lodul (D:11)
  7 sea snakes (Snake:3)
  4 naga ritualists
  A phantasmal warrior (D:14)
  2 lindwurms
  2 deep elf pyromancers
  2 orc sorcerers (Orc:2)
  8 mana vipers
  2 orc knights (Orc:2)
  An oklob plant (D:10)
  5 ugly things
  4 cyclopes
  A manticore (D:12)
  An apocalypse crab (Lair:4)
  23 salamanders
  4 guardian serpents
  24 black mambas
  2 merfolk sirens (Lair:2)
  8 naga magi
  2 gargoyles
  6 cane toads
  A kobold demonologist (D:10)
  3 unseen horrors
  5 komodo dragons
  A yaktaur (D:15)
  2 freezing wraiths
  An efreet (D:15)
  2 tengu conjurers
  A komodo dragon (shapeshifter) (D:13)
  2 burning bushes (Lair:4)
  4 polar bears
  8 trolls
  2 merfolk (Lair:2)
  4 hornets
  3 meliai (D:15)
  A hornet (shapeshifter) (D:13)
  3 blink frogs (Lair:1)
  5 dream sheep (Lair:4)
  A jumping spider (shapeshifter) (D:13)
  A centaur simulacrum (D:14)
  9 wraiths
  15 slime creatures
  A water elemental (D:14)
  26 yaks
  A wyvern (D:9)
  5 humans (D:9)
  5 basilisks
  5 vampire mosquitoes
  3 neqoxecs (Orc:1)
  31 nagas
  3 acid dragons
  8 water moccasins
  17 orc warriors
  5 ice beasts
  A black bear (D:4)
  2 sky beasts
  36 ogres
  12 wolves
  13 centaurs
  2 phantoms
  2 kobold brigands
  2 gnoll sergeants
  A necrophage (D:6)
  8 bullfrogs
  A scorpion (D:4)
  8 wights
  13 killer bees
  6 electric eels
  A howler monkey (D:13)
  2 quasits (Orc:1)
  3 hounds
  A gnoll bouda (D:7)
  8 jellies (D:10)
  14 orc priests
  4 iguanas
  20 orc wizards
  11 gnolls
  8 adders
  A white imp (D:14)
  An ufetubus (D:5)
  3 worms
  2 dart slugs
  55 orcs
  9 ball pythons
  6 bats
  21 endoplasms
  4 giant cockroaches
  4 goblins
  15 hobgoblins
  5 quokkas
  2 frilled lizards
  11 kobolds
  3 rats
  A butterfly (Lair:3)
744 creatures vanquished.

Vanquished Creatures (collateral kills)
  A yak (D:7)
1 creature vanquished.

Vanquished Creatures (others)
  A yak (D:7)
  6 fungi
  12 plants
  4 withered plants
23 creatures vanquished.

Grand Total: 768 creatures vanquished

Notes
Turn   | Place    | Note
-------+----------+-------------------------------------------
     0 | D:1      | hikkokomori the Vine Stalker Fighter began the quest for
                  | the Orb.
     0 | D:1      | Reached XP level 1. HP: 11/11 MP: 2/2
   142 | D:1      | Reached XP level 2. HP: 10/16 MP: 3/3
   511 | D:1      | Reached skill level 3 in Fighting
   511 | D:1      | Reached XP level 3. HP: 20/20 MP: 4/4
   977 | D:2      | Identified the +9 dagger of Veudden {protect, *Rage Fly
                  | Int+4 Dex+2}
  1240 | D:2      | Gained mutation: Your natural rate of healing is unusually
                  | fast. [Vine Stalker growth]
  1240 | D:2      | Reached XP level 4. HP: 24/24 MP: 5/5
  1608 | D:3      | Reached skill level 1 in Short Blades
  1685 | D:3      | Found a faded altar of an unknown god.
  1711 | D:3      | Found Quca's Book Shop.
  2127 | D:4      | Noticed a scorpion
  2134 | D:4      | Killed a scorpion
  2135 | D:4      | Reached XP level 5. HP: 28/28 MP: 6/6
  2396 | D:4      | Noticed a black bear
  2403 | D:4      | Killed a black bear
  2404 | D:4      | Reached XP level 6. HP: 31/33 MP: 4/7
  2889 | D:5      | Entered Level 5 of the Dungeon
  2897 | D:5      | Noticed an ice beast
  2905 | D:5      | Killed an ice beast
  2906 | D:5      | Reached skill level 4 in Fighting
  3042 | D:5      | Noticed an ice beast
  3047 | D:5      | Killed an ice beast
  3048 | D:5      | Reached XP level 7. HP: 37/37 MP: 5/8
  3279 | D:5      | Found a runed translucent gate.
  3280 | D:5      | Found a runed translucent gate.
  3280 | D:5      | Found a runed translucent gate.
  3281 | D:5      | Noticed Unforgiven's ghost (amateur DgHu)
  3281 | D:5      | Noticed sokol815's ghost (novice DgFi)
  3281 | D:5      | Noticed sjgraves's ghost (amateur MiHu)
  3862 | D:6      | Found a shimmering altar of Xom.
  4102 | D:6      | Gained mutation: You have razor-sharp teeth. [Vine Stalker
                  | growth]
  4102 | D:6      | Reached XP level 8. HP: 28/42 MP: 3/9
  4325 | D:6      | Reached skill level 5 in Fighting
  4325 | D:6      | Reached skill level 5 in Shields
  4759 | D:7      | Noticed a yak
  4760 | D:7      | Noticed a yak
  4766 | D:7      | Noticed a yak
  4768 | D:7      | Noticed a yak
  4772 | D:7      | Killed a yak
  4773 | D:7      | Reached skill level 5 in Armour
  4781 | D:7      | Killed a yak
  4789 | D:7      | Killed a yak
  4790 | D:7      | Reached XP level 9. HP: 12/48 MP: 2/10
  4933 | D:7      | Reached skill level 6 in Fighting
  4935 | D:7      | Reached skill level 5 in Short Blades
  5004 | D:7      | Noticed a two-headed ogre
  5171 | D:7      | Found an ornate altar of the Wu Jian Council.
  5249 | D:7      | Found a staircase to the Ecumenical Temple.
  5256 | D:7      | Killed a two-headed ogre
  5269 | Temple   | Entered the Ecumenical Temple
  5556 | D:8      | Noticed Erica
  5569 | D:8      | Killed Erica
  5570 | D:8      | Reached skill level 7 in Fighting
  5570 | D:8      | Reached XP level 10. HP: 55/55 MP: 11/11
  6064 | D:8      | Found a staircase to the Lair.
  6104 | D:8      | Found a runed translucent door.
  6107 | D:8      | Found a shimmering altar of Xom.
  6107 | D:8      | Noticed Hubris850's ghost (novice AtFi)
  6108 | D:8      | Noticed a +4 whip of chaos
  6195 | D:8      | Found a glowing golden altar of the Shining One.
  6308 | D:9      | Found a staircase to the Orcish Mines.
  6373 | D:9      | Noticed a cyclops
  6396 | D:9      | Killed a cyclops
  6397 | D:9      | Reached skill level 1 in Dodging
  6805 | D:9      | Reached skill level 8 in Fighting
  6806 | D:9      | Reached XP level 11. HP: 30/60 MP: 9/12
  6863 | D:9      | Found a hazy altar of Hepliaklqana.
  7012 | D:9      | Found a shimmering blue altar of Sif Muna.
  7014 | D:9      | Found a basalt altar of Yredelemnul.
  7014 | D:9      | Found a sacrificial altar of Ru.
  7014 | D:9      | Found a hide-covered altar of Uskayaw.
  7015 | D:9      | Found a white marble altar of Elyvilon.
  7016 | D:9      | Found an iron altar of Okawaru.
  7018 | D:9      | Found a bloodstained altar of Trog.
  7181 | D:9      | Became a worshipper of Warmaster Okawaru
  7244 | Lair:1   | Entered Level 1 of the Lair of Beasts
  7244 | Lair:1   | Noticed Gastronok
  7244 | Lair:1   | Noticed a seven-headed hydra
  7252 | D:8      | Killed a seven-headed hydra
  7371 | Lair:1   | Killed Gastronok
  7371 | Lair:1   | Reached * piety under Okawaru
  7561 | Lair:1   | Reached skill level 9 in Fighting
  8276 | Lair:2   | Reached ** piety under Okawaru
  8459 | Lair:2   | Reached skill level 5 in Dodging
  8461 | Lair:2   | Reached *** piety under Okawaru
  8462 | Lair:2   | Reached XP level 12. HP: 67/67 MP: 13/13
  8796 | Lair:2   | Noticed Harold
  8796 | Lair:2   | Noticed a six-headed hydra
  8896 | Orc:1    | Entered Level 1 of the Orcish Mines
  9063 | Orc:1    | Reached skill level 10 in Fighting
  9082 | Orc:1    | Noticed Nergalle
  9102 | Orc:1    | Killed Nergalle
  9102 | Orc:1    | Reached **** piety under Okawaru
  9103 | Orc:1    | Reached skill level 1 in Invocations
  9154 | Orc:1    | Noticed Gogrithru's ghost (journeyman MeRe)
  9292 | Orc:1    | Found a transporter.
  9342 | Orc:1    | Found a transporter.
  9708 | Orc:2    | Entered Level 2 of the Orcish Mines
  9840 | Orc:2    | Noticed a two-headed ogre
  9840 | Orc:2    | Noticed a two-headed ogre
  9860 | Orc:2    | Killed a two-headed ogre
  9860 | Orc:2    | Reached ***** piety under Okawaru
  9922 | Orc:2    | Noticed a two-headed ogre
  9924 | Orc:2    | Noticed a two-headed ogre
  9930 | Orc:2    | Killed a two-headed ogre
  9934 | Orc:2    | Killed a two-headed ogre
  9935 | Orc:2    | Reached skill level 10 in Short Blades
  9974 | Orc:2    | Noticed a two-headed ogre
  9975 | Orc:2    | Noticed a two-headed ogre
  9975 | Orc:2    | Noticed a two-headed ogre
  9998 | Orc:2    | Killed a two-headed ogre
 10000 | Orc:2    | Killed a two-headed ogre
 10003 | Orc:2    | Killed a two-headed ogre
 10032 | Orc:2    | Noticed an ogre mage
 10033 | Orc:2    | Noticed a two-headed ogre
 10052 | Orc:2    | Killed a two-headed ogre
 10052 | Orc:2    | Reached ****** piety under Okawaru
 10053 | Orc:2    | Reached XP level 13. HP: 47/73 MP: 12/17
 10062 | Orc:2    | Received a gift from Okawaru
 10141 | Orc:2    | Reached skill level 11 in Fighting
 10199 | Orc:2    | Reached skill level 5 in Invocations
 10204 | Orc:2    | Noticed an orc warlord
 10364 | Orc:2    | Received a gift from Okawaru
 10369 | Orc:2    | Found Juowo's General Store.
 10369 | Orc:2    | Found Kabaj's Antique Weapon Shoppe.
 10369 | Orc:2    | Found Xic Gomay's Magic Scroll Shoppe.
 10369 | Orc:2    | Found Cuugur's Distillery.
 10505 | Orc:2    | Bought a potion of might for 44 gold pieces
 10510 | Orc:2    | Bought a scroll of teleportation for 42 gold pieces
 10568 | Orc:2    | Killed an orc warlord
 10568 | Orc:2    | Identified the +4 robe "Wite" {Fly rF- rN+ Will+} (Okawaru
                  | gifted it to you on level 2 of the Orcish Mines)
 10568 | Orc:2    | Received a gift from Okawaru
 10598 | Orc:2    | Found a staircase to the Elven Halls.
 10934 | Orc:1    | Killed Gogrithru's ghost
 10954 | Orc:1    | Got the ring of Arhis {+Blink rPois Str+6 Int+6}
 11061 | Lair:2   | Killed Harold
 11463 | Lair:2   | Found a staircase to the Shoals.
 11631 | Lair:2   | Reached XP level 14. HP: 79/79 MP: 20/20
 12084 | Lair:3   | Found a staircase to the Snake Pit.
 12691 | Lair:4   | Reached skill level 12 in Fighting
 12910 | Lair:4   | Found a runed translucent door.
 13183 | Lair:4   | Noticed Rupert
 13203 | Lair:4   | Killed Rupert
 13203 | Lair:4   | Received a gift from Okawaru
 13203 | Lair:4   | Found the +8 Vampire's Tooth {megavamp}
 13783 | Lair:4   | Identified the +0 ring mail of Resourcefulness {rElec rF+
                  | rC+ Int-5 Dex+5} (Okawaru gifted it to you on level 4 of
                  | the Lair of Beasts)
 13783 | Lair:4   | Received a gift from Okawaru
 13932 | Lair:4   | Identified the +3 hand axe "Ruwoherr" {drain, rCorr Int+3}
 14140 | D:10     | Entered Level 10 of the Dungeon
 14181 | D:10     | Found Xisial's General Store.
 14183 | D:10     | Found Vaikunap's Specific Store.
 14196 | D:10     | Bought a scroll of identify for 30 gold pieces
 15285 | D:11     | Noticed Lodul
 15306 | D:11     | Killed Lodul
 15446 | D:11     | Noticed Fannar
 15463 | D:11     | Killed Fannar
 15534 | D:11     | Received a gift from Okawaru
 16427 | D:12     | Noticed Nessos
 16440 | D:12     | Killed Nessos
 16625 | D:12     | Received a gift from Okawaru
 16810 | D:12     | Reached XP level 15. HP: 61/85 MP: 22/22
 16885 | D:12     | Reached skill level 13 in Fighting
 17209 | D:13     | You are sucked into a shaft and drop 2 floors!
 17209 | D:15     | Entered Level 15 of the Dungeon
 17382 | D:14     | Reached skill level 10 in Armour
 17689 | D:14     | Reached skill level 10 in Dodging
 17769 | D:14     | Noticed Josephine
 17797 | D:14     | Killed Josephine
 17887 | D:14     | Identified the +0 pair of boots "Wupter Etih" {rElec Dex+2
                  | SInv} (Okawaru gifted it to you on level 14 of the Dungeon)
 17887 | D:14     | Received a gift from Okawaru
 18155 | D:13     | Found a gate to the Vaults.
 18537 | D:13     | Received a gift from Okawaru
 18564 | D:13     | Identified the ring of the Freezing God {rF+ Will+}
 19144 | D:14     | Found a runed translucent gate.
 19146 | D:14     | Found a runed translucent gate.
 19146 | D:14     | Found a runed translucent gate.
 19148 | D:14     | Noticed Zagicor's ghost (journeyman DjFE)
 19148 | D:14     | Noticed Pijotal's ghost (journeyman DjEE)
 19212 | D:14     | Killed Zagicor's ghost
 19220 | D:14     | Killed Pijotal's ghost
 19221 | D:14     | Reached skill level 14 in Fighting
 19352 | D:14     | Found an ancient bone altar of Kikubaaqudgha.
 19668 | D:15     | Found a staircase to the Depths.
 19669 | D:15     | Noticed a fire giant
 19689 | D:15     | Killed a fire giant
 19773 | D:15     | Reached XP level 16. HP: 93/93 MP: 23/23
 19956 | D:15     | Identified the +1 chain mail of the Bulwark {rElec rF+}
                  | (Okawaru gifted it to you on level 15 of the Dungeon)
 19956 | D:15     | Received a gift from Okawaru
 20404 | Snake:1  | Entered Level 1 of the Snake Pit
 21221 | Snake:2  | Found Jeutzech's Distillery.
 21223 | Snake:2  | Found Faryq's Armour Boutique.
 21226 | Snake:2  | Found Kaulik's General Store.
 21229 | Snake:2  | Bought a potion of might for 48 gold pieces
 21229 | Snake:2  | Bought a potion of might for 48 gold pieces
 21233 | Snake:2  | Bought a scroll of acquirement for 884 gold pieces
 21233 | Snake:2  | Bought a scroll of teleportation for 51 gold pieces
 21346 | Snake:2  | Found Cunonuunk's General Store.
 21493 | Snake:2  | Noticed a nagaraja
 21515 | Snake:2  | Killed a nagaraja
 22108 | Snake:3  | Received a gift from Okawaru
 22235 | Snake:3  | Identified the +0 helmet of the Accordion {Will- Str+10
                  | Int-3}
 22289 | Snake:3  | Reached skill level 15 in Fighting
 22466 | Snake:3  | Identified the +1 chain mail of Shadows and Fog {Will++
                  | Str+3 Dex-5} (Okawaru gifted it to you on level 3 of the
                  | Snake Pit)
 22466 | Snake:3  | Received a gift from Okawaru
 22727 | Snake:4  | Entered Level 4 of the Snake Pit
 22840 | Snake:4  | Reached skill level 1 in Evocations
 22872 | Snake:4  | Reached XP level 17. HP: 99/99 MP: 24/24
 23363 | Snake:4  | Found Baxynosm's Weapon Shop.
 23697 | Snake:4  | Identified the +6 scale mail "Qangischo" {rPois Dex+2}
                  | (Okawaru gifted it to you on level 4 of the Snake Pit)
 23697 | Snake:4  | Received a gift from Okawaru
 23979 | Snake:4  | Slain by a salamander

Illustrated notes

Levels and vault maps discovered:
D:1:      minmay_arrival_plants_in_alcoves, layout_loops_ring
D:2:      layout_basic, kennysheep_generic_room_7
D:3:      layout_basic, basic_ecumenical_altar, serial_shops,
          nicolae_shop_behind_doors, serial_park_tiny_1,
          kennysheep_generic_room_3
D:4:      layout_cave_pods
D:5:      nicolae_cairo_tiling_large, layout_rooms, gammafunk_ghost_cemetery,
          kennysheep_nondescript, grunt_decor_junction
D:6:      layout_loops_ring, mainiacjoe_overflow_24_doors, serial_bayou_pond_a,
          minmay_misc_feat_enclosed, grunt_ministairs_10, lemuel_flamethrower_2
D:7:      layout_basic, pdpol_wu_jian_five_deadly_venoms,
          minmay_temple_entry_trees
D:8:      layout_cave_pools, tso_oasis_becter, lair_entry_dummy,
          ebering_ghost_xom, grunt_decor_clamped, uniq_erica
D:9:      layout_long_grid, mainiacjoe_overflow_boulevard, minitemple,
          orc_0_dummy, eino_curves_03, st_stairs_12, minmay_ruffians
D:10:     lemuel_slime, layout_irregular_city, serial_bayou,
          serial_bayou_pond_d, serial_bayou_shore_a, serial_bayou_pond_d,
          serial_bayou_pond_e, roderic_lattice_a, nicolae_specific_store
D:11:     layout_roguey, uniq_fannar, uniq_lodul
D:12:     layout_basic, uniq_nessos
D:13:     layout_roguey, david_vaults_5, minmay_the_grid_square_5x5_3x3_mashed
          [minmay_the_grid_square_5x5_inner_z, minmay_the_grid_square_5x5_bite,
          minmay_the_grid_square_5x5_n_small,
          minmay_the_grid_square_5x5_shrine2,
          minmay_the_grid_square_5x5_megaprize_crossed,
          minmay_the_grid_square_5x5_checkered_sparse,
          minmay_the_grid_square_5x5_comb, minmay_the_grid_square_5x5_detours,
          minmay_the_grid_square_5x5_misaligned]
D:14:     layout_long_grid, gammafunk_ghost_cemetery, chequers_decorated_corner,
          serial_ice, serial_ice_k, serial_ice_g, serial_ice_n, serial_ice_f,
          kiku_gazebo_garden_becter, uniq_josephine
D:15:     grunt_enter_depths_giant_problem, layout_small_grid
Temple:   nicolae_temple_ecumenical_triangle
Lair:1:   layout_cave_pods, uniq_gastronok
Lair:2:   layout_layer_cave, elwin_shoals_entry_stream, serial_rivers,
          chequers_serial_rivers_small_3, chequers_serial_rivers_micro_c,
          chequers_serial_rivers_micro_a, chequers_serial_rivers_large_b,
          chequers_serial_rivers_micro_e, chequers_serial_rivers_large_a,
          amcnicky_mini_pool_medium, uniq_harold
Lair:3:   layout_cave_pods, guppyfry_snake_entry_island, lemuel_fruit_fields
Lair:4:   gammafunk_mikee_crab_dinner, layout_cave_pods, evilmike_ambush
          [evilmike_ambush_outer_pillars, evilmike_ambush_inner_wall_2],
          uniq_rupert
Snake:1:  layout_rooms
Snake:2:  layout_gridlike, serial_shops, shop, serial_bayou_pond_e,
          minmay_shop_star
Snake:3:  layout_rooms, special_room, serial_bayou_lagoon_b
Snake:4:  grunt_snake_rune_pools, layout_chambers, serial_shops,
          nicolae_shop_bloodbath_and_beyond, serial_bayou_shore_b,
          nicolae_triple_integral, uniq_vashnia, uniq_aizul
Orc:1:    layout_caves, gammafunk_ghost_stat_death, uniq_nergalle
Orc:2:    st_orc_ogre_mass, layout_diamond_mine

Skill      XL: |  1  2  3  4  5  6  7  8  9 10 11 12 13 14 15 16 17 |
---------------+----------------------------------------------------+-----
Maces & Flails | 2 |  2.3
Fighting       | 3 4 5 7 8 9 10 11 12 14 15 | 15.6
Shields        | 3 4 5 7 8 |  8.9
Armour         | 3 4 5 6 7 8 9 11 12 | 12.8
Short Blades   | 1 2 3 4 6 7 9 10 | 10.2
Dodging        | 2 5 6 8 9 11 12 | 12.7
Invocations    | 4 6 8 |  8.3
Evocations     | 1 4 |  4.0

Action                     |  1- 3 |  4- 6 |  7- 9 | 10-12 | 13-15 | 16-18 || total
---------------------------+-------+-------+-------+-------+-------+-------++-------
  Melee: Flail             |    61 |       |       |       |       |       ||    61
         Bite              |    13 |    20 |    60 |   219 |   939 |   599 ||  1850
         Dagger            |    17 |    77 |   194 |   570 |   548 |       ||  1406
         Quick blade       |       |       |       |       |  1335 |  1287 ||  2622
  Throw: Boomerang         |       |       |       |       |     1 |       ||     1
 Invoke: Heroism           |       |       |       |     2 |    10 |     2 ||    14
         Finesse           |       |       |       |       |       |     1 ||     1
  Evoke: Wand              |       |       |     2 |       |       |       ||     2
         Condenser vane    |       |       |       |       |     1 |       ||     1
    Use: Scroll            |       |    11 |     1 |    10 |    18 |     3 ||    43
         Potion            |       |       |       |     3 |       |       ||     3
   Stab: Confused          |       |       |       |       |     5 |       ||     5
 Armour: Scale mail        |    35 |    23 |    78 |    30 |       |       ||   166
         Plate armour      |       |       |       |   249 |   542 |   283 ||  1074
         Ring mail         |       |       |       |       |    18 |       ||    18
  Dodge: Dodged            |    33 |    29 |    76 |   225 |   534 |   385 ||  1282
  Block: Buckler           |    14 |    16 |    55 |   167 |   309 |   236 ||   797

Table legend: (Time is in decaauts)
 A = Elapsed time spent in this place.
 B = Non-inter-level travel time spent in this place.
 C = Inter-level travel time spent in this place.
 D = Time resting spent in this place.
 E = Time spent auto-exploring this place.
 F = Levels seen in this place.
 G = Mean time per level.
                   A        B        C        D        E       F      G
               +--------+--------+--------+--------+--------+-----+--------+
         Total |  22629 |  20322 |   2307 |    526 |  14504 |  26 |  870.3 |
       Dungeon |  13098 |  11329 |   1769 |    244 |   8381 |  15 |  873.2 |
        Temple |    110 |     60 |     50 |      0 |     52 |   1 |  110.0 |
          Lair |   4586 |   4288 |    298 |    177 |   3179 |   4 | 1146.5 |
     Snake Pit |   2785 |   2711 |     74 |      0 |   1976 |   4 |  696.2 |
  Orcish Mines |   2048 |   1934 |    114 |    105 |    914 |   2 | 1024.0 |
               +--------+--------+--------+--------+--------+-----+--------+

Top non-repeatable levels by time:
  Lair:2: 1373 daAuts
  Lair:4: 1270 daAuts
   Orc:2: 1153 daAuts
    D:10: 1088 daAuts
     D:7: 1077 daAuts
  Lair:1: 1077 daAuts
     D:9: 1068 daAuts
 Snake:2: 930 daAuts
     D:4: 920 daAuts
     D:6: 909 daAuts
   Orc:1: 895 daAuts
    D:13: 894 daAuts
    D:14: 890 daAuts
     D:8: 884 daAuts
 Snake:4: 874 daAuts
